 Dungeon Crawl Stone Soup version 0.29.1-2-gbd0b4ee654 (webtiles) character file.

Game seed: 4077347088306086356

1054 Icepheonix32 the Purveyor of Pain (level 8, 0/41 HPs)
             Began as a Deep Elf Necromancer on Nov 2, 2022.
             Was an Initiate of Kikubaaqudgha.
             Slain by an ogre
             ... wielding a +0 antimagic giant club
              (20 damage)
             ... on level 6 of the Dungeon.
             The game lasted 00:09:21 (7234 turns).

Icepheonix32 the Purveyor of Pain (DENe)            Turns: 7234, Time: 00:09:22

Health: 0/41       AC:  8    Str:  7    XL:     8   Next: 5%
Magic:  2/14       EV: 12    Int: 21    God:    Kikubaaqudgha [......]
Gold:   9          SH:  0    Dex: 15    Spells: 9/13 levels left

rFire   . . .      SeeInvis .   c - +1 rapier (drain)
rCold   . . .      Faith    .   (no shield)
rNeg    . . .      Spirit   .   a - +0 robe
rPois   .          Reflect  .   f - +2 hat
rElec   .          Harm     .   (no cloak)
rCorr   .          Rampage  .   (no gloves)
Will    .....                   (no boots)
Stlth   ++........              (no amulet)
HPRegen 0.13/turn               g - +4 ring of protection
MPRegen 0.14/turn               (no ring)

@: no status effects
A: no striking features
a: Renounce Religion


You were on level 6 of the Dungeon.
You worshipped Kikubaaqudgha.
Kikubaaqudgha was noncommittal.
You visited 1 branch of the dungeon, and saw 6 of its levels.

You collected 163 gold pieces.
You spent 154 gold pieces at shops.

Inventory:

Hand Weapons
 c - a +1 rapier of draining (weapon)
 j - a +1 dagger of chaos
Missiles
 o - 5 boomerangs
 u - a throwing net
Armour
 a - a +0 robe (worn)
 f - a +2 hat (worn)
 l - a +0 buckler
Jewellery
 g - a +4 ring of protection (left hand)
Wands
 e - a wand of acid (3)
Scrolls
 i - a scroll of fog
 m - a scroll of fear {unknown}
 p - a scroll of identify
 r - a scroll of noise
 s - 3 scrolls of teleportation
 v - a scroll of blinking
Potions
 b - 2 potions of magic
 d - a potion of haste
 h - 2 potions of mutation
 k - 2 potions of brilliance {unknown}
 n - 2 potions of curing
 t - 3 potions of heal wounds {unknown}


   Skills:
 + Level 2.4 Dodging
 + Level 2.4 Stealth
 + Level 3.0 Spellcasting
 * Level 12.1 Necromancy


You had 9 spell levels left.
You knew the following spells:

 Your Spells              Type           Power      Damage    Failure   Level
a - Necrotise             Necr           100%       1d9       1%          1
b - Vampiric Draining     Necr           53%        2d9       1%          3

Your spell library contained the following spells:

 Spells                   Type           Power      Damage    Failure   Level
 Animate Dead             Necr           53%        N/A       1%          4
 Agony                    Necr           53%        N/A       2%          5
 Apportation              Tloc           6%         N/A       13%         1
 Summon Small Mammal      Summ           12%        N/A       13%         1
 Frozen Ramparts          Ice            6%         1d1       36%         3
 Ice Form                 Ice/Tmut       3%         N/A       78%         4
 Summon Ice Beast         Ice/Summ       3%         N/A       78%         4


Dungeon Overview and Level Annotations

Branches:
Dungeon (6/15)
 Temple: D:4-7

Altars:
Gozag
Kikubaaqudgha
Qazlal
Ru
Sif Muna
Trog
Yredelemnul

Shops:
D:1 *   D:3 !


Message History

Done exploring.
(D) Dungeon
Where to? (Enter - D:3, ? - help)
There is a stone staircase leading down here.
You climb downwards.
There is a stone staircase leading up here.
Okay, then.
Unknown command.
(D) Dungeon
Where to? (Enter - D:4, ? - help)
There is a stone staircase leading down here.
You climb downwards.
There is a stone staircase leading up here.
Done exploring.
(D) Dungeon
Where to? (Enter - D:5, ? - help)
There is a stone staircase leading down here.
You climb downwards.
Found a scale mail.
There is a stone staircase leading up here.
You see here a +0 scale mail.
Found a leather armour.
No target in view!
p - a scroll of identify 3 ogres come into view.
An ogre is wielding a +0 antimagic giant spiked club.
An ogre is wielding a +0 antimagic giant club.
An ogre is wielding a +0 antimagic giant club.
Found a bloodstained altar of Trog.
The ogre shouts! x3
There are monsters nearby!
The ogre writhes in agony.
The ogre writhes in agony.
The ogre writhes in agony!
You hit the ogre but do no damage. You drain the ogre.
The ogre is severely wounded.
The ogre hits you with a +0 antimagic giant spiked club!!
Ouch! That really hurt!
You feel your power leaking away.
The ogre hits you with a +0 antimagic giant club!!
You die...
Kikubaaqudgha rasps: "You have failed me!
Welcome... death!"

##### ########
######...####......#
#.........##OO##...#
#.###......@O##
....# #.# #....[####
OO.8.# ###[# ##...##
.....# #...# #####
O....# #...# ._..##
#...# ...## #####.##
......#
####..#######


You could see 3 ogres.

Vanquished Creatures
  A water moccasin (D:4)
  An ice beast (D:4)
  A black bear (D:5)
  An ogre (D:5)
  A phantom (D:5)
  A scorpion (D:5)
  3 hounds
  3 orc priests
  3 jellies
  Ijyb (D:5)
  An orc wizard (D:3)
  8 adders
  3 gnolls (D:5)
  A shadow imp (D:5)
  2 worms
  11 orcs
  4 ball pythons
  6 bats
  4 endoplasms
  6 giant cockroaches
  4 goblins
  5 hobgoblins
  13 jackals
  6 kobolds
  6 quokkas
  7 frilled lizards
  5 rats
108 creatures vanquished.

Vanquished Creatures (collateral kills)
  A dart slug (D:3)
1 creature vanquished.

Grand Total: 109 creatures vanquished

Notes
Turn   | Place    | Note
-------+----------+-------------------------------------------
     0 | D:1      | Icepheonix32 the Deep Elf Necromancer began the quest for
                  | the Orb.
     0 | D:1      | Reached XP level 1. HP: 10/10 MP: 6/6
    79 | D:1      | Reached skill level 5 in Necromancy
   234 | D:1      | Reached XP level 2. HP: 15/15 MP: 6/8
   683 | D:1      | Reached skill level 6 in Necromancy
   732 | D:1      | Found a faded altar of an unknown god.
   741 | D:1      | Reached XP level 3. HP: 19/19 MP: 5/9
  1061 | D:1      | Found Tioficsa's Assorted Antiques.
  1065 | D:1      | Bought a silvery potion for 20 gold pieces
  1761 | D:2      | Reached XP level 4. HP: 9/24 MP: 8/10
  2386 | D:3      | Found a basalt altar of Yredelemnul.
  2395 | D:3      | Reached skill level 7 in Necromancy
  2526 | D:3      | Found Ofegoj's Distillery.
  2542 | D:3      | Bought a potion of curing for 36 gold pieces
  2542 | D:3      | Bought a potion of degeneration for 12 gold pieces
  2620 | D:3      | Found a stormy altar of Qazlal.
  2658 | D:3      | Found a sacrificial altar of Ru.
  2694 | D:3      | Reached XP level 5. HP: 8/28 MP: 9/11
  3216 | D:3      | Reached skill level 8 in Necromancy
  3292 | D:1      | Bought a smoky clear potion for 20 gold pieces
  3579 | D:3      | Found an opulent altar of Gozag.
  3580 | D:3      | Found a shimmering blue altar of Sif Muna.
  3609 | D:4      | Noticed an ice beast
  3613 | D:4      | Killed an ice beast
  3614 | D:4      | Reached XP level 6. HP: 32/32 MP: 8/12
  3780 | D:4      | Learned a level 3 spell: Vampiric Draining
  3783 | D:4      | Reached skill level 9 in Necromancy
  4344 | D:1      | Bought a smoky clear potion for 20 gold pieces
  4344 | D:1      | Bought a scroll labelled HOOMIE XONUJ for 23 gold pieces
  4509 | D:4      | Noticed a water moccasin
  4523 | D:4      | Killed a water moccasin
  4524 | D:4      | Reached skill level 10 in Necromancy
  4524 | D:4      | Reached XP level 7. HP: 27/36 MP: 0/13
  5120 | D:5      | Entered Level 5 of the Dungeon
  5437 | D:5      | Reached skill level 11 in Necromancy
  5723 | D:5      | Found an ancient bone altar of Kikubaaqudgha.
  5736 | D:5      | Became a worshipper of Kikubaaqudgha
  5975 | D:5      | Noticed Ijyb
  5982 | D:5      | Killed Ijyb
  6052 | D:5      | Reached skill level 12 in Necromancy
  6242 | D:5      | Reached XP level 8. HP: 41/41 MP: 11/14
  7102 | D:1      | Bought a scroll labelled SOPTOC NUOLUMO for 23 gold pieces
  7226 | D:6      | Found a bloodstained altar of Trog.
  7234 | D:6      | Slain by an ogre

Illustrated notes

Levels and vault maps discovered:
D:1:      erik_arrival_triangle_medium, layout_basic,
          chequers_ecumenical_altar_simple_redux, serial_shops,
          nicolae_shop_stone
D:2:      layout_basic, corexii_corridor_pit, grunt_ministairs_15
D:3:      layout_basic, mainiacjoe_overflow_concentric_impassable,
          mainiacjoe_overflow_large_starburst, mainiacjoe_overflow_divided_tiny,
          serial_shops, nicolae_shop_trees
D:4:      layout_basic
D:5:      layout_basic, kiku_gazebo_pond_becter, uniq_ijyb
D:6:      layout_loops_ring, trog_antimagical

Skill      XL: |  1  2  3  4  5  6  7 |
---------------+----------------------+-----
Necromancy     | 5 6 7 8 10 12 | 12.1
Dodging        | |  2.4
Stealth        | |  2.4
Spellcasting   | |  3.0

Action                   |  1- 3 |  4- 6 |  7- 9 || total
-------------------------+-------+-------+-------++-------
Melee: Dagger            |    17 |    30 |    28 ||    75
       Punch             |       |       |     2 ||     2
       Rapier            |       |       |     1 ||     1
Throw: Boomerang         |       |     1 |     3 ||     4
 Cast: Necrotise         |    54 |    74 |    78 ||   206
       Vampiric Draining |       |     4 |     2 ||     6
  Use: Scroll            |       |       |    13 ||    13
       Potion            |       |       |     5 ||     5
 Stab: Sleeping          |     4 |     4 |       ||     8
Armor: Robe              |     5 |    26 |     7 ||    38
       Skin              |       |       |     7 ||     7
Dodge: Dodged            |    17 |    37 |    21 ||    75
